 Dungeon Crawl Stone Soup version 0.29-a0-757-g358383bc75 (webtiles) character file.

Game seed: 12712545115379806920

23 coolguy69 the Cutter (level 3, -4/20 HPs)
             Began as a Vine Stalker Monk on July 1, 2022.
             Slain by a gnoll
             ... wielding a +0 halberd
              (8 damage)
             ... on level 2 of the Dungeon.
             The game lasted 00:00:53 (1301 turns).

coolguy69 the Cutter (Vine Stalker Monk)            Turns: 1301, Time: 00:00:53

Health: -4/20      AC:  7    Str: 13    XL:     3   Next: 0%
Magic:  0/4        EV: 10    Int: 10    God:
Gold:   117        SH:  0    Dex: 18    Spells: 2/2 levels left

rFire   . . .      SeeInvis .   a - +0 short sword
rCold   . . .      Faith    .   (no shield)
rNeg    . . .      Spirit   +   j - +0 scale mail
rPois   .          Reflect  .   (no helmet)
rElec   .          Harm     .   (no cloak)
rCorr   .          Rampage  .   i - +0 pair of gloves
Will    .....                   (no boots)
Stlth   +.........              (no amulet)
HPRegen 0.06/turn               (no ring)
MPRegen 0.09/turn               (no ring)

@: no status effects
A: fangs 2, magic shield, antimagic bite, no potion heal 2
a: no special abilities


You were on level 2 of the Dungeon.
You visited 1 branch of the dungeon, and saw 2 of its levels.

You collected 117 gold pieces.

Inventory:

Hand Weapons
 a - a +0 short sword (weapon)
Armour
 i - a +0 pair of gloves (worn)
 j - a +0 scale mail (worn)
Scrolls
 d - 2 scrolls of acquirement {unknown}
 f - a scroll of teleportation {unknown}
 g - a scroll of fear {unknown}
Potions
 b - a potion of flight {unknown}
 c - 2 potions of ambrosia
 e - a potion of mutation {unknown}
 h - a potion of lignification {unknown}


   Skills:
 + Level 3.0 Fighting
 + Level 3.0 Short Blades
 + Level 0.1 Armour
 + Level 2.6 Dodging
 + Level 2.8 Stealth


You had 2 spell levels left.
You didn't know any spells.
Your spell library was empty.

Dungeon Overview and Level Annotations

Branches:
Dungeon (2/15)

Altars:

Shops:
D:1 :


Innate Abilities, Weirdness & Mutations

You have extremely sharp teeth.
When hurt, damage is shared between your health and your magic reserves.
Your bite disrupts and absorbs the magic of your enemies.
Potions cannot restore your health.


Message History

You kill the giant cockroach!
The ball python bites you but does no damage.
The ball python barely misses you.
You hit the ball python but do no damage.
The ball python bites you but does no damage.
The ball python barely misses you.
You hit the ball python.
You kill the ball python!
You have reached level 3!
Your experience leads to an increase in your attributes!
Increase (S)trength, (I)ntelligence, or (D)exterity?
You feel agile. x2
You now have 107 gold pieces (gained 8).
You now have 117 gold pieces (gained 10).
There is a stone staircase leading down here.
A gnoll comes into view. It is wielding a +0 halberd.
The gnoll shouts!
A gnoll comes into view. It is wielding a +0 spear.
Found a pair of gloves.
The gnoll shouts!
A gnoll comes into view. It is wielding a +0 halberd.
There are monsters nearby!
A worm comes into view.
Found a scroll labelled PITEALOYN MEMA and a robe.
The gnoll shouts!
The gnoll hits you with a +0 halberd!
There are monsters nearby!
You hit the gnoll.
The gnoll is moderately wounded.
The gnoll misses you.
There are monsters nearby!
You hit the gnoll. You bite the gnoll. You drain its power.
You feel invigorated.
The gnoll is moderately wounded.
The gnoll hits you but does no damage.
The gnoll hits you from afar with a +0 halberd!
Ouch! That really hurt!
* * * LOW HITPOINT WARNING * * *
The gnoll hits you with a +0 halberd!
You die...

#.......####.####......
#.......# #.#######...
#.......# #.†.........
#.......# ########....
#.>.....+ ......
#.......#### ##..#.
#........!.# #..#.
#..........### #..##
######@....w.# #..##
#g.....?. #.†##
##gg..... #..<# .......
#.### ....... #....
##[...# ##### ...[#
#....


You could see a worm and 3 gnolls.

Vanquished Creatures
  A dart slug (D:2)
  2 ball pythons
  3 endoplasms
  2 giant cockroaches
  A goblin (D:1)
  A hobgoblin (D:1)
  4 jackals (D:1)
  3 bats
  A rat (D:1)
18 creatures vanquished.

Notes
Turn   | Place    | Note
-------+----------+-------------------------------------------
     0 | D:1      | coolguy69 the Vine Stalker Monk began the quest for the
                  | Orb.
     0 | D:1      | Reached XP level 1. HP: 11/11 MP: 2/2
   295 | D:1      | Found Wiapef's Book Boutique.
   418 | D:1      | Reached XP level 2. HP: 10/16 MP: 3/3
  1285 | D:2      | Reached XP level 3. HP: 20/20 MP: 4/4
  1301 | D:2      | Slain by a gnoll

Illustrated notes

Levels and vault maps discovered:
D:1:      saegor_arrival_under_anarchy, layout_basic, serial_shops, shop,
          dreamdust_wishing_well, minivault_14, chequers_serial_rivers_micro_d
D:2:      layout_basic, dreamdust_ecumenical_altar_angels_and_demons

Skill      XL: |  1  2 |
---------------+-------+-----
Short Blades   | 3 |  3.0
Fighting       | 3 |  3.0
Armour         | |  0.1
Dodging        | |  2.6
Stealth        | |  2.8

Action                   || total
-------------------------++-------
Melee: Short sword       ||    57
       Bite              ||    15
       Punch             ||     1
 Stab: Sleeping          ||     3
Armor: Scale mail        ||     7
       Robe              ||     6
Dodge: Dodged            ||    44

Table legend: (Time is in decaauts)
 A = Elapsed time spent in this place.
 B = Non-inter-level travel time spent in this place.
 C = Inter-level travel time spent in this place.
 D = Time resting spent in this place.
 E = Time spent auto-exploring this place.
 F = Levels seen in this place.
 G = Mean time per level.
                   A        B        C        D        E       F      G
               +--------+--------+--------+--------+--------+-----+--------+
         Total |   1298 |   1242 |     56 |      0 |   1063 |   2 |  649.0 |
       Dungeon |   1298 |   1242 |     56 |      0 |   1063 |   2 |  649.0 |
               +--------+--------+--------+--------+--------+-----+--------+

Top non-repeatable levels by time:
     D:1: 1112 daAuts
     D:2: 186 daAuts
